AoeStats
← ImpossibleMoney6290

Arabia

507397055Analyzed
1v1 RM · 15d ago on Sep 18, 2026· 62m 50s· 2 players
Game mode
Random Map
Map size
Tiny (2 player)
Population
200
Speed
Normal
Resources
Standard
Victory
Conquest
Starting age
Dark Age
Ending age
Imperial Age
RankedLock teamsTeams togetherTeam positionsShared explorationLock speedFull tech treeHidden civsTurbo modeCheats
Victory
Defeat
🇻🇪 Sicilians · Venezuela
1328
+15
🇦🇷 Persians · Argentina
1316
-15
ImpossibleMoney6290
6:24 Loom
10:23 Feudal Age
16:15 Castle Age
14:35 Double-Bit Axe
16:05 Fletching
16:16 Padded Archer Armor
17:46 Crossbowman
20:19 Bodkin Arrow
22:05 Bow Saw
22:40 Wheelbarrow
23:26 Leather Archer Armor
25:06 Bloodlines
30:53 Town Watch
32:22 Husbandry
33:57 Gold Mining
34:48 Hand Cart
37:36 Imperial Age
36:11 Scale Barding Armor
36:17 Forging
37:59 Devotion
38:07 Cavalier
39:35 Chain Barding Armor
39:51 Iron Casting
39:09 Capped Ram
40:30 Gold Shaft Mining
41:17 Savar
41:56 Stone Mining
42:56 Conscription
43:49 Plate Barding Armor
45:48 Blast Furnace
54:35 Thumb Ring
55:57 Chemistry
56:31 Kamandaran
58:23 Ballistics
60:51 Ring Archer Armor
63:04 Town Patrol
ITVE.EduardR10
6:58 Loom
9:17 Feudal Age
9:53 Double-Bit Axe
14:55 Town Watch
19:19 Castle Age
17:46 Scale Mail Armor
17:42 Horse Collar
17:56 Gold Mining
20:14 Bow Saw
20:33 Fletching
20:43 Padded Archer Armor
21:30 Elite Skirmisher
22:45 Bodkin Arrow
31:47 Wheelbarrow
32:37 Squires
32:40 Stone Mining
33:53 Fervor
37:26 Imperial Age
35:28 Forging
35:44 Hand Cart
36:13 Scale Barding Armor
36:16 Heavy Plow
37:49 Iron Casting
40:16 Chain Mail Armor
42:30 Plate Mail Armor
42:24 Husbandry
42:35 Bloodlines
41:45 Light Cavalry
43:45 Conscription
44:49 Blast Furnace
43:31 Elite Serjeant
45:13 Gold Shaft Mining
45:31 Stone Shaft Mining
46:01 Chemistry
46:00 Crop Rotation
46:20 Chain Barding Armor
46:19 Arson
47:02 Hauberk
48:01 First Crusade
49:14 Plate Barding Armor
51:03 Bracer
56:19 Cavalier
Connection lost

Rejoining the realm…

Still unreachable

The connection could not be restored.

Session expired

The server has moved on; the page needs a fresh start.